AoeStats
← meditator27

Arena

505416253Analyzed
3v3 RM · 22d ago on Sep 9, 2026· 56m 37s· 6 players
Game mode
Random Map
Map size
Normal (6 player)
Population
200
Speed
Normal
Resources
Standard
Victory
Conquest
Starting age
Dark Age
Ending age
Imperial Age
RankedLock teamsTeams togetherTeam positionsShared explorationLock speedFull tech treeHidden civsTurbo modeCheats
Victory
Defeat
🇹🇼 Vietnamese · Taiwan
1216
+14
🇮🇳 Bohemians · India
1072
+20
🇪🇸 Persians · Spain
1068
+21
🇹🇷 Ethiopians · Türkiye
1181
-19
🇫🇷 Britons · France
1180
-19
🇦🇹 Hindustanis · Austria
1134
-17
SeppShover
10:08 Feudal Age
14:12 Castle Age
12:36 Double-Bit Axe
12:55 Horse Collar
15:20 Bow Saw
20:11 Heavy Plow
22:01 Wheelbarrow
21:45 Gold Mining
22:54 Loom
24:48 Gold Shaft Mining
24:59 Hand Cart
27:47 Imperial Age
25:45 Scale Barding Armor
25:51 Forging
26:14 Murder Holes
26:55 Chain Barding Armor
27:07 Stone Mining
28:13 Iron Casting
28:18 Bloodlines
28:09 Husbandry
29:30 Chemistry
27:54 Heavy Camel Rider
30:29 Plate Barding Armor
30:55 Blast Furnace
29:46 Fletching
29:56 Town Watch
30:35 Imperial Camel Rider
31:56 Light Cavalry
32:44 Grand Trunk Road
33:05 Conscription
33:44 Bodkin Arrow
33:41 Hussar
40:28 Two-Man Saw
40:41 Ballistics
40:24 Bracer
40:24 Padded Archer Armor
41:15 Shatagni
42:23 Leather Archer Armor
49:54 Scale Mail Armor
50:28 Elite Ghulam
54:51 Theocracy
54:35 Chain Mail Armor
avalperen2012
11:41 Feudal Age
11:53 Loom
15:32 Castle Age
13:59 Double-Bit Axe
15:35 Stone Mining
26:23 Forging
28:42 Iron Casting
30:45 Wheelbarrow
34:28 Hand Cart
38:08 Horse Collar
41:44 Imperial Age
41:50 Royal Heirs
42:16 Ballistics
43:17 Padded Archer Armor
43:08 Fletching
44:20 Chemistry
43:57 Bodkin Arrow
44:17 Leather Archer Armor
44:53 Bracer
45:57 Blast Furnace
45:29 Ring Archer Armor
45:09 Thumb Ring
44:25 Crossbowman
45:01 Arbalester
45:56 Bow Saw
45:36 Elite Skirmisher
56:21 Fortified Wall
lucascroenne
9:55 Feudal Age
10:37 Double-Bit Axe
10:57 Horse Collar
16:43 Castle Age
14:50 Stone Mining
15:56 Gold Mining
16:45 Fletching
17:43 Loom
18:17 Bow Saw
18:12 Heavy Plow
19:15 Bodkin Arrow
25:03 Town Watch
25:38 Padded Archer Armor
30:48 Wheelbarrow
30:17 Town Patrol
31:15 Leather Archer Armor
33:13 Pikeman
34:06 Forging
37:15 Imperial Age
35:08 Hand Cart
36:37 Gold Shaft Mining
36:29 Ballistics
39:25 Bracer
40:29 Chemistry
43:05 Iron Casting
42:43 Scale Mail Armor
43:15 Fortified Wall
45:16 Ring Archer Armor
44:46 Halberdier
46:34 Blast Furnace
45:50 Chain Mail Armor
50:37 Onager
Onlyfarms
10:48 Feudal Age
18:45 Castle Age
18:24 Horse Collar
18:30 Double-Bit Axe
19:52 Stone Mining
19:53 Gold Mining
20:25 Heavy Plow
21:44 Wheelbarrow
21:24 Bow Saw
22:09 Stone Shaft Mining
22:10 Gold Shaft Mining
22:17 Loom
22:46 Town Watch
24:29 Hand Cart
29:06 Coinage
31:46 Imperial Age
29:40 Scale Barding Armor
29:46 Forging
29:37 Husbandry
29:47 Bloodlines
30:48 Chain Barding Armor
30:05 Light Cavalry
31:54 Town Patrol
32:33 Iron Casting
33:16 Banking
32:46 Caravan
32:57 Guilds
32:22 Elite War Elephant
34:28 Conscription
36:08 Crop Rotation
36:39 Two-Man Saw
35:31 Fletching
37:09 Devotion
38:11 Blast Furnace
37:47 Plate Barding Armor
38:29 Faith
38:04 Hussar
47:20 Heavy Scorpion
52:54 Chemistry
52:05 Masonry
51:50 Murder Holes
55:21 Architecture
meditator27
10:56 Feudal Age
11:54 Double-Bit Axe
12:01 Horse Collar
14:46 Castle Age
15:52 Bow Saw
15:47 Heavy Plow
19:14 Loom
20:08 Wheelbarrow
20:31 Fletching
20:03 Crossbowman
21:54 Gold Mining
23:42 Bodkin Arrow
23:48 Stone Mining
29:51 Imperial Age
28:18 Hand Cart
28:52 Ballistics
29:10 Thumb Ring
30:23 Padded Archer Armor
30:36 Bracer
31:44 Two-Man Saw
32:33 Arbalester
33:31 Leather Archer Armor
35:53 Elite Rattan Archer
37:59 Ring Archer Armor
37:44 Town Watch
40:13 Scale Mail Armor
40:24 Forging
40:06 Pikeman
40:47 Squires
41:19 Halberdier
42:49 Chain Mail Armor
43:12 Iron Casting
45:57 Plate Mail Armor
48:33 Chemistry
50:40 Scale Barding Armor
51:16 Hoardings
K.T.
0:26 Loom
12:12 Feudal Age
16:16 Castle Age
14:02 Horse Collar
15:01 Double-Bit Axe
20:11 Wheelbarrow
19:21 Town Watch
28:14 Wagenburg Tactics
34:30 Chemistry
46:04 Heavy Plow
50:21 Imperial Age
48:55 Bow Saw
49:02 Masonry
49:43 Pikeman
50:23 Squires
50:36 Houfnice
51:42 Conscription
55:15 Halberdier
Connection lost

Rejoining the realm…

Still unreachable

The connection could not be restored.

Session expired

The server has moved on; the page needs a fresh start.